 Dungeon Crawl Stone Soup version 0.23-a0-183-gf37f6fb (webtiles) character file.

1030 galech the Chopper (level 8, 57/61 HPs)
             Began as a Demonspawn Fighter on Sept 21, 2018.
             Quit the game on level 6 of the Dungeon.
             The game lasted 00:06:05 (3657 turns).

galech the Chopper (Demonspawn Fighter)             Turns: 3657, Time: 00:06:06

Health: 57/61      AC: 14    Str: 16    XL:     8   Next: 3%
Magic:  8/8        EV:  1    Int: 10    God:
Gold:   88         SH: 14    Dex: 15    Spells: 7/7 levels left

rFire    . . .     SeeInvis .   a - +0 war axe
rCold    + . .     Gourm    .   s - +0 large shield
rNeg     . . .     Faith    .   q - +0 plate armour
rPois    .         Spirit   .   (helmet restricted)
rElec    .         Reflect  .   (no cloak)
rCorr    .         Harm     .   (no gloves)
MR       +....                  (no boots)
Stlth    ..........             o - amulet of the acrobat
HPRegen  0.20/turn              l - ring of protection from magic
MPRegen  0.11/turn              (no ring)

@: no status effects
A: horns 1, thin metallic scales 2, cold resistance 1, rot immunity
a: no special abilities


You were on level 6 of the Dungeon.
You were not hungry.

You visited 1 branch of the dungeon, and saw 6 of its levels.

You collected 269 gold pieces.
You spent 181 gold pieces at shops.

Inventory:

Hand Weapons
 a - a +0 war axe (weapon)
Armour
 b - a +0 scale mail
 c - a +0 shield
 n - a +1 helmet
 q - a +0 plate armour (worn)
 s - a +0 large shield (worn)
Jewellery
 l - a ring of protection from magic (left hand)
 o - an amulet of the acrobat (around neck)
Wands
 C - a wand of polymorph (13)
Scrolls
 h - a scroll of noise {unknown}
 i - 5 scrolls of remove curse {unknown}
 j - 6 scrolls of identify {unknown}
 p - a scroll of fear {unknown}
 u - a scroll of amnesia {unknown}
 w - 2 scrolls of teleportation {unknown}
 y - a scroll of immolation {unknown}
 z - a scroll of magic mapping
 A - a scroll of enchant armour {unknown}
Potions
 d - 4 potions of might
 e - 3 potions of degeneration {unknown}
 g - 2 potions of heal wounds
 k - a potion of resistance {unknown}
 m - 6 potions of curing
 r - a potion of magic {unknown}
 t - a potion of mutation {unknown}
 v - a potion of agility {unknown}
 x - a potion of flight {unknown}
Comestibles
 f - 9 rations
 B - 2 chunks of flesh


   Skills:
 + Level 4.7 Fighting
 + Level 6.0 Axes
 + Level 3.9 Armour
 + Level 1.0 Dodging
 + Level 0.1 Stealth
 + Level 4.9 Shields


You had 7 spell levels left.
You didn't know any spells.
Your spell library was empty.

Dungeon Overview and Level Annotations

Branches:
Dungeon (6/15)
 Temple: D:4-7

Altars:
Cheibriados
Fedhas
Gozag
Makhleb
Trog
Xom

Shops:
D:5 ?(!:


Innate Abilities, Weirdness & Mutations

You have a pair of small horns on your head.
You are mostly covered in thin metallic scales. (AC +3)
Your flesh is cold resistant. (rC+)
You are immune to rotting.


Message History

There is a stone staircase leading up here.
You slash the bullfrog!
The bullfrog is severely wounded.
You block the bullfrog's attack. The bullfrog hits you.
Your shield and plate armour prevent you from hitting the bullfrog.
The bullfrog is severely wounded.
The bullfrog hits you but does no damage. x2
You miss the bullfrog.
The bullfrog is severely wounded.
The bullfrog hits you.
The bullfrog hits you but does no damage.
You slash the bullfrog!
You kill the bullfrog!
Your Axes skill increases to level 6!
You have reached level 8!
You feel clever.
Your demonic ancestry asserts itself...
A pair of horns grows on your head!
Your +1 helmet falls away!
Some of the chunks of flesh in your inventory have rotted away.
Are you sure you want to abandon this character and quit the game? (Confirm

### ..#
..# ..# #
..#.##
.<...
#.####..#
#.$..@..#
#....†.##
########


There were no monsters in sight!

Vanquished Creatures
  Eustachio (D:5)
  A phantom (D:5)
  2 bullfrogs
  A water moccasin zombie (D:5)
  A crimson imp (D:5)
  3 orc priests (D:5)
  4 orc wizards
  A bullfrog skeleton (D:5)
  3 iguanas
  Terence (D:2)
  Natasha (twice) (D:2)
  2 worker ants
  6 adders
  An adder skeleton (D:5)
  2 adder zombies (D:5)
  3 worms
  3 dart slugs (D:2)
  11 orcs
  A ball python (D:5)
  10 giant cockroaches
  6 goblins
  3 hobgoblins
  4 jackals
  7 kobolds
  2 quokkas
  A ball python skeleton (D:5)
  10 bats
  5 frilled lizards
  5 rats
102 creatures vanquished.

Notes
Turn   | Place    | Note
-------+----------+-------------------------------------------
     0 | D:1      | galech the Demonspawn Fighter began the quest for the Orb.
     0 | D:1      | Reached XP level 1. HP: 18/18 MP: 1/1
   108 | D:1      | Reached skill level 2 in Axes
   111 | D:1      | Gained mutation: Your flesh is cold resistant. (rC+)
                  | [demonic ancestry]
   111 | D:1      | Reached XP level 2. HP: 20/24 MP: 2/2
   568 | D:2      | Noticed Natasha
   578 | D:2      | Killed Natasha
   578 | D:2      | Gained mutation: You are partially covered in thin metallic
                  | scales. (AC +2) [demonic ancestry]
   578 | D:2      | Reached XP level 3. HP: 18/29 MP: 3/3
   849 | D:2      | Reached XP level 4. HP: 29/35 MP: 4/4
  1001 | D:2      | Noticed Natasha
  1009 | D:2      | Killed Natasha
  1009 | D:2      | Reached skill level 3 in Axes
  1069 | D:2      | Noticed Terence
  1078 | D:2      | Killed Terence
  1082 | D:2      | Gained mutation: You are immune to rotting. [demonic
                  | ancestry]
  1082 | D:2      | Reached XP level 5. HP: 35/41 MP: 5/5
  1165 | D:3      | Found an opulent altar of Gozag.
  1165 | D:3      | Found a snail-covered altar of Cheibriados.
  1543 | D:3      | Found a blossoming altar of Fedhas.
  2110 | D:4      | Found a shimmering altar of Xom.
  2218 | D:4      | Found a bloodstained altar of Trog.
  2342 | D:4      | Reached XP level 6. HP: 31/48 MP: 6/6
  2352 | D:4      | Reached skill level 4 in Axes
  2599 | D:5      | Entered Level 5 of the Dungeon
  2632 | D:5      | Found Deorech's Antique Weapon Emporium.
  2632 | D:5      | Found Ruipy's Book Emporium.
  2632 | D:5      | Found Zatteg's Magic Scroll Emporium.
  2633 | D:5      | Found Decsoad's Distillery.
  2713 | D:5      | Found a burning altar of Makhleb.
  2716 | D:5      | Bought a potion of heal wounds for 60 gold pieces
  2716 | D:5      | Bought a potion of curing for 36 gold pieces
  2716 | D:5      | Bought a potion of curing for 36 gold pieces
  2719 | D:5      | Bought a scroll of magic mapping for 49 gold pieces
  2871 | D:5      | Reached skill level 5 in Axes
  2871 | D:5      | Gained mutation: You are mostly covered in thin metallic
                  | scales. (AC +3) [demonic ancestry]
  2871 | D:5      | Reached XP level 7. HP: 38/54 MP: 7/7
  3116 | D:5      | Noticed Eustachio
  3194 | D:5      | Killed Eustachio
  3449 | D:5      | Reached skill level 1 in Dodging
  3656 | D:6      | Reached skill level 6 in Axes
  3656 | D:6      | Gained mutation: You have a pair of small horns on your
                  | head. [demonic ancestry]
  3656 | D:6      | Reached XP level 8. HP: 57/61 MP: 8/8
  3657 | D:6      | Quit the game

Vault maps used:
D:1:      tarquinn_simple_flora_water_b
D:2:      grunt_ministairs_14, dk_noncrumbling_3, uniq_terence, uniq_natasha
D:3:      lemuel_round_altar, grunt_temple_overflow_open
D:4:      marbit_many_paths, kennysheep_mini_moat, first_ration
D:5:      basic_altar, minmay_shop_grid_forest, uniq_eustachio
D:6:      serial_shops, nicolae_shop_crystal, grunt_dithmenos_smoke_and_mirrors

Skill      XL: |  1  2  3  4  5  6  7 |
---------------+----------------------+-----
Axes           | 2 3 5 6 |  6.0
Armour         | 3 |  3.9
Shields        | 3 4 |  4.9
Fighting       | 4 |  4.7
Dodging        | 1 |  1.0
Stealth        | |  0.1

Action                   |  1- 3 |  4- 6 |  7- 9 || total
-------------------------+-------+-------+-------++-------
Melee: War axe           |   107 |   258 |   101 ||   466
  Eat: Chunk             |       |     7 |     3 ||    10
Armor: Scale mail        |    66 |    19 |       ||    85
       Plate armour      |       |   194 |    79 ||   273
Dodge: Dodged            |    37 |    59 |     7 ||   103
Block: Shield            |    64 |    75 |       ||   139
       Large shield      |       |   146 |   100 ||   246

Table legend:
 A = Non-vault XP
 B = Vault XP
 C = Vault XP percentage of total XP
 D = Non-vault monster count
 E = Vault monster count
 F = Vault count percentage of total count
                 A         B        C        D         E       F
            +---------+---------+-------+---------+---------+-------
      Total |    1194 |     278 |  18.9 |      97 |       5 |   4.9
            +---------+---------+-------+---------+---------+-------
        D:1 |      26 |       0 |   0.0 |      18 |       0 |   0.0
        D:2 |      97 |      75 |  43.6 |      17 |       4 |  19.0
        D:3 |      54 |       0 |   0.0 |      18 |       0 |   0.0
        D:4 |     194 |       0 |   0.0 |      14 |       0 |   0.0
        D:5 |     738 |     203 |  21.6 |      29 |       1 |   3.3
        D:6 |      85 |       0 |   0.0 |       1 |       0 |   0.0
            +---------+---------+-------+---------+---------+-------
